 Dungeon Crawl Stone Soup version 0.29-a0-1023-g6ae1a4a2c7 (webtiles) character file.

Game seed: 16056334110743643215

51 Newt the Chopper (level 3, 0/31 HPs)
             Began as a Palentonga Monk on Aug 11, 2022.
             Killed by nerve-wracking pain
             ... invoked by an orc priest
              (9 damage)
             ... on level 3 of the Dungeon.
             The game lasted 00:01:35 (1636 turns).

Newt the Chopper (Palentonga Monk)                  Turns: 1636, Time: 00:01:36

Health: 0/31       AC:  4    Str: 18    XL:     3   Next: 58%
Magic:  3/3        EV: 10    Int: 10    God:
Gold:   95         SH:  0    Dex: 12    Spells: 2/2 levels left

rFire   . . .      SeeInvis +   a - +0 hand axe
rCold   . . .      Faith    .   (no shield)
rNeg    . . .      Spirit   .   j - +0 leather armour
rPois   .          Reflect  .   (no helmet)
rElec   .          Harm     .   (no cloak)
rCorr   .          Rampage  .   (no gloves)
Will    .....                   (no barding)
Stlth   +.........              (no amulet)
HPRegen 0.10/turn               (no ring)
MPRegen 0.08/turn               (no ring)

@: no status effects
A: large, rugged brown scales 3, see invisible, deformed body, roll 1, armoured
tail
a: Rolling Charge


You were on level 3 of the Dungeon.
You visited 1 branch of the dungeon, and saw 3 of its levels.

You collected 95 gold pieces.

Inventory:

Hand Weapons
 a - a +0 hand axe (weapon)
Armour
 b - a +0 robe
 j - a +0 leather armour (worn)
Wands
 f - a wand of iceblast (12)
Scrolls
 d - 3 scrolls of identify
 e - 2 scrolls of enchant weapon {unknown}
 g - 3 scrolls of teleportation {unknown}
 h - a scroll of vulnerability {unknown}
Potions
 c - 2 potions of ambrosia
 i - a potion of cancellation


   Skills:
 - Level 3.0 Fighting
 + Level 4.6 Axes
 - Level 2.4 Dodging
 - Level 1.2 Stealth


You had 2 spell levels left.
You didn't know any spells.
Your spell library contained the following spells:

 Spells                   Type           Power      Damage    Failure   Level
 Dazzling Flash           Conj/Hex       0%         N/A       80%         3
 Agony                    Necr           0%         N/A       100%        5
 Silence                  Hex/Air        0%         N/A       100%        5


Dungeon Overview and Level Annotations

Branches:
Dungeon (3/15)

Altars:


Innate Abilities, Weirdness & Mutations

You are completely covered in rugged brown scales. (AC +3, +7% HP)
You have supernaturally acute eyesight. (SInv)
Armour fits poorly on your strangely shaped body.
You can roll at nearby foes to attack.
You have a long armoured tail.


Message History

You hit the orc priest.
The orc priest is lightly wounded.
You barely miss the orc. The orc closely misses you.
The orc priest hits you but does no damage.
You hit the orc priest.
The orc priest is heavily wounded.
You closely miss the orc. The orc barely misses you.
The orc priest hits you with a +0 dagger.
You hit the orc priest.
The orc priest is heavily wounded.
You closely miss the orc. The orc hits you but does no damage.
The orc priest hits you with a +0 dagger.
You hit the orc priest.
The orc priest is severely wounded.
You hit the orc. You barely miss the bat. The bat hits you but does no damage.
The orc hits you with a +0 hand axe.
The orc priest hits you with a +0 dagger.
* * * LOW HITPOINT WARNING * * *
The bat hits you but does no damage.
You closely miss the orc priest.
The orc priest is severely wounded.
You hit the orc but do no damage. You closely miss the bat.
The bat barely misses you. The bat hits you but does no damage.
The orc barely misses you.
The orc priest casts a cantrip, but nothing happens.
The bat barely misses you.
You hit the orc priest but do no damage.
The orc priest is severely wounded.
You hit the bat but do no damage. You hit the orc.
You kill the orc!
The bat closely misses you. The orc priest barely misses you.
The bat hits you but does no damage.
Unknown command.
You barely miss the orc priest. You tail-slap the orc priest.
The orc priest is almost dead.
You hit the bat.
You kill the bat!
The orc priest invokes the aid of Beogh against you.
Pain shoots through your body!
You die...

#.#.##.#
#.##.#
....##.#
#.....
.#.####.#
###### #.#.#
#.# # #.# #.#
#.# #.#
#.#######
#....†).#
######@.#
....!...o.#
##...........
#.###..)......
# ..).).....
......)....
####.......
......#


You could see an orc priest.

Vanquished Creatures
  2 adders (D:2)
  A dart slug (D:2)
  4 orcs (D:3)
  3 bats
  2 endoplasms
  A giant cockroach (D:2)
  3 goblins (D:2)
  A hobgoblin (D:2)
  A quokka (D:1)
  2 ball pythons
  A frilled lizard (D:2)
  4 kobolds
  3 rats
28 creatures vanquished.

Notes
Turn   | Place    | Note
-------+----------+-------------------------------------------
     0 | D:1      | Newt the Palentonga Monk began the quest for the Orb.
     0 | D:1      | Reached XP level 1. HP: 19/19 MP: 1/1
   352 | D:1      | You fall into a shaft and drop 1 floor!
   436 | D:2      | Reached XP level 2. HP: 20/25 MP: 2/2
   595 | D:2      | Reached skill level 4 in Axes
   775 | D:2      | Reached XP level 3. HP: 27/31 MP: 3/3
   807 | D:2      | Found a faded altar of an unknown god.
  1636 | D:3      | Killed from afar by an orc priest

Illustrated notes

Levels and vault maps discovered:
D:1:      dpeg_arrival_boxorama, layout_rooms
D:2:      layout_basic, chequers_ecumenical_altar_simple
D:3:      layout_loops_ring, minmay_crystal_water

Skill      XL: |  1  2 |
---------------+-------+-----
Axes           | 4 |  4.6
Fighting       | |  3.0
Dodging        | |  2.4
Stealth        | |  1.2

Action                   || total
-------------------------++-------
Melee: Hand axe          ||    77
       Tailslap          ||     7
 Abil: Rolling Charge    ||     6
Evoke: Wand              ||     1
  Use: Scroll            ||     1
 Stab: Sleeping          ||     2
Armor: Robe              ||    21
       Leather armour    ||     6
Dodge: Dodged            ||    40

Table legend: (Time is in decaauts)
 A = Elapsed time spent in this place.
 B = Non-inter-level travel time spent in this place.
 C = Inter-level travel time spent in this place.
 D = Time resting spent in this place.
 E = Time spent auto-exploring this place.
 F = Levels seen in this place.
 G = Mean time per level.
                   A        B        C        D        E       F      G
               +--------+--------+--------+--------+--------+-----+--------+
         Total |   1644 |   1585 |     59 |    182 |   1220 |   3 |  548.0 |
       Dungeon |   1644 |   1585 |     59 |    182 |   1220 |   3 |  548.0 |
               +--------+--------+--------+--------+--------+-----+--------+

Top non-repeatable levels by time:
     D:2: 1163 daAuts
     D:1: 354 daAuts
     D:3: 126 daAuts
